 Dungeon Crawl Stone Soup version 0.27.1-33-g824d729ab1 (webtiles) character file.

Game seed: 14242356906564353544

10901 sking99 the Grappler (level 11, -7/128 HPs)
             Began as a Troll Monk on Dec 10, 2021.
             Was a High Priest of Okawaru.
             Succumbed to a naga's poison
             ... on level 2 of the Lair of Beasts.
             The game lasted 00:17:21 (8955 turns).

sking99 the Grappler (Troll Monk)                   Turns: 8955, Time: 00:17:22

Health: -7/128     AC: 11    Str: 24    XL:     11   Next: 42%
Magic:  21/21      EV: 12    Int:  6    God:    Okawaru [*****.]
Gold:   574        SH:  0    Dex: 12    Spells: 10/10 levels left

rFire    . . .     SeeInvis .     - Unarmed
rCold    . . .     Faith    .   (no shield)
rNeg     + . .     Spirit   .   u - +0 acid dragon scales
rPois    .         Reflect  .   r - +1 hat
rElec    .         Harm     .   (no cloak)
rCorr    +         Rampage  .   (gloves unavailable)
Will     .....                  (boots unavailable)
Stlth    +++.......             b - amulet of Vitality {Regen+ HP+15}
HPRegen  2.31/turn              z - ring of positive energy
MPRegen  0.17/turn              h - ring of magical power

@: lethally poisoned (-7 -> -34), heroic
A: large, unfitting armour, claws 3, regeneration 1, shaggy fur 1, tough skin 1
a: Renounce Religion, Heroism, Finesse


You were on level 2 of the Lair of Beasts.
You worshipped Okawaru.
Okawaru was extremely pleased with you.
You visited 3 branches of the dungeon, and saw 13 of its levels.

You collected 574 gold pieces.

Inventory:

Armour
 r - a +1 hat (worn)
 u - +0 acid dragon scales (worn)
Jewellery
 b - the amulet of Vitality (around neck) {Regen+ HP+15}
   (You found it on level 4 of the Dungeon)

   [amulet of regeneration]

   HP:        It affects your health (+15).
   Regen:     It increases your rate of health regeneration.
 g - a ring of wizardry
 h - a ring of magical power (right claw)
 z - a ring of positive energy (left claw)
Wands
 a - a wand of charming (6)
Scrolls
 d - 2 scrolls of fog
 j - 4 scrolls of teleportation
 m - 5 scrolls of vulnerability
 n - 4 scrolls of amnesia
 q - 4 scrolls of magic mapping
 s - a scroll of fear {unknown}
 w - a scroll of enchant weapon
 x - a scroll of enchant armour {unknown}
 y - a scroll of identify
Potions
 c - 2 potions of invisibility {unknown}
 e - a potion of brilliance {unknown}
 f - 4 potions of attraction {unknown}
 i - 2 potions of flight {unknown}
 l - a potion of might {unknown}
 o - 3 potions of curing {unknown}
 p - a potion of haste {unknown}
 t - a potion of mutation {unknown}
 v - a potion of magic {unknown}
 A - a potion of ambrosia {unknown}


   Skills:
 + Level 8.8(13.8) Fighting
 + Level 3.3(8.3) Armour
 - Level 2.4(7.4) Dodging
 - Level 1.0(6.0) Stealth
 * Level 13.7(18.7) Unarmed Combat
 + Level 3.7 Invocations


You had 10 spell levels left.
You didn't know any spells.
Your spell library contained the following spells:

 Spells                   Type           Power      Damage    Failure   Level
 Animate Skeleton         Necr           0%         N/A       52%         1
 Apportation              Tloc           0%         N/A       52%         1
 Pain                     Necr           0%         1d4       52%         1
 Shock                    Conj/Air       0%         1d3       52%         1
 Blink                    Tloc           N/A        N/A       65%         2
 Lesser Beckoning         Tloc           0%         N/A       87%         3
 Swiftness                Air            0%         N/A       87%         3
 Vampiric Draining        Necr           0%         2d6       87%         3
 Airstrike                Air            0%         N/A       99%         4
 Alistair's Intoxication  Tmut/Pois      0%         N/A       100%        5
 Fireball                 Conj/Fire      0%         3d3       100%        5
 Iskenderun's Battlesphe  Conj           0%         2d6       100%        5
 Manifold Assault         Tloc           0%         N/A       100%        5
 Conjure Ball Lightning   Conj/Air       0%         3x3d6     100%        6
 Invisibility             Hex            0%         N/A       100%        6
 Iron Shot                Conj/Erth      0%         9d1       100%        6
 Orb of Destruction       Conj           0%         N/A       100%        7
 Spellforged Servitor     Conj/Summ      0%         N/A       100%        7


Dungeon Overview and Level Annotations

Branches:
Dungeon (10/15)            Temple (1/1) D:4            Lair (2/6) D:9
  Swamp: Lair:2-4    Shoals: Lair:2-4     Snake: Lair:2-4    Spider: Lair:2-4
    Orc: D:9-12

Altars:
Ashenzari
Cheibriados
Dithmenos
Elyvilon
Fedhas
Gozag
Hepliaklqana
Kikubaaqudgha
Makhleb
Nemelex Xobeh
Okawaru
Qazlal
Ru
Sif Muna
Trog
Uskayaw
Vehumet
Wu Jian
Xom
Yredelemnul
Zin
The Shining One
Beogh


Innate Abilities, Weirdness & Mutations

You are too large for most types of armour.
You have claws for hands.
Your natural rate of healing is unusually fast.
You are covered in fur. (AC +1)
You have tough skin. (AC +1)


Message History

The water moccasin bites you but does no damage.
The naga hits you with a +2 battleaxe of venom!
The naga spits poison at you.
The splash of poison hits you but does no damage.
You resist. The naga constricts you. The water moccasin bites you!
The naga hits you with a +2 battleaxe of venom!!
The naga hits you with a +0 broad axe! The naga constricts you.
The water moccasin bites you.
The naga hits you with a +2 battleaxe of venom!
The water moccasin bites you. The naga hits you with a +0 broad axe!!
* * * LOW HITPOINT WARNING * * *
The naga constricts you.
* * * LOW HITPOINT WARNING * * *
The water moccasin bites you.
* * * LOW HITPOINT WARNING * * *
The naga hits you with a +2 battleaxe of venom!
* * * LOW HITPOINT WARNING * * *
The water moccasin bites you.
* * * LOW HITPOINT WARNING * * *
The naga hits you but does no damage. The water moccasin bites you.
* * * LOW HITPOINT WARNING * * *
You turn to flesh and can move again.
Okay, then.
Okay, then.
As you read the scroll of summoning, it crumbles to dust.
Wisps of shadow whirl around you...
You feel very sick. The naga spits poison at you.
The splash of poison hits you but does no damage.
You are more poisoned.
The naga constricts you.
* * * LOW HITPOINT WARNING * * *
The water moccasin bites you but does no damage.
The naga hits you with a +2 battleaxe of venom!!
* * * LOW HITPOINT WARNING * * *
You are more poisoned.
The naga closely misses your bullfrog.
You escape the naga's grasp.
You die...

...####.##<....##
................#
...P####.......+..
.. #.+.....#..
###......#
#......#####
##...###....
#.F.##F.....
#..@#Nl.#
#.#).SN.#
#+#.#NN.#
.F.##N..... #.....
##.... #...... ###
..+...... #
#...... ###+.


You could see a water moccasin (ally target), 4 nagas and 2 friendly cane toads.

Vanquished Creatures
  A hydra (Lair:1)
  A two-headed ogre (D:10)
  2 gargoyles
  A kobold demonologist (D:10)
  A komodo dragon (Lair:2)
  The ghost of Manslay the Conjurer, a novice OpCj (D:5)
  5 blink frogs (Lair:2)
  A wyvern (D:8)
  15 yaks
  A vampire (D:9)
  2 basilisks
  A steam dragon (D:7)
  Edmund (D:6)
  Menkaure (D:6)
  A naga (Lair:2)
  2 acid dragons
  2 water moccasins
  4 orc warriors
  A sky beast (D:5)
  2 black bears
  3 ogres
  2 centaurs
  A phantom (D:5)
  3 kobold brigands
  5 bullfrogs
  A gnoll sergeant (D:5)
  2 scorpions (D:5)
  A water moccasin skeleton (D:5)
  4 killer bees (D:7)
  7 wights
  3 howler monkeys (D:8)
  3 jellies
  4 hounds
  A centaur zombie (D:9)
  A gnoll shaman (D:3)
  10 orc priests
  A centaur skeleton (D:4)
  3 iguanas (D:5)
  Natasha (twice) (D:3)
  6 orc wizards
  A killer bee zombie (D:5)
  2 howler monkey zombies
  A howler monkey skeleton (D:4)
  10 gnolls
  4 river rats (D:3)
  5 adders
  A shadow imp (D:8)
  A white imp (D:6)
  An ufetubus (D:5)
  2 worms
  4 dart slugs
  45 orcs
  9 endoplasms
  4 giant cockroaches (D:3)
  4 goblins
  9 hobgoblins
  6 jackals (D:3)
  23 kobolds
  8 ball pythons
  6 bats
  4 frilled lizards
  8 rats
267 creatures vanquished.

Vanquished Creatures (others)
  8 plants (D:9)
8 creatures vanquished.

Grand Total: 275 creatures vanquished

Notes
Turn   | Place    | Note
-------+----------+-------------------------------------------
     0 | D:1      | sking99 the Troll Monk began the quest for the Orb.
     0 | D:1      | Reached XP level 1. HP: 22/22 MP: 0/0
   164 | D:1      | Reached XP level 2. HP: 29/29 MP: 1/1
   428 | D:1      | Reached XP level 3. HP: 36/36 MP: 2/2
   748 | D:2      | Reached skill level 4 in Unarmed Combat
  1271 | D:3      | Reached XP level 4. HP: 45/45 MP: 3/3
  1283 | D:3      | You fall into a shaft and drop 2 floors!
  1283 | D:5      | Entered Level 5 of the Dungeon
  1298 | D:5      | Found a runed translucent gate.
  1299 | D:5      | Noticed Manslay's ghost (novice OpCj)
  1301 | D:5      | Noticed a black bear
  1364 | D:5      | Found a runed translucent gate.
  1370 | D:5      | Found a runed translucent gate.
  1371 | D:5      | Noticed a sky beast
  1372 | D:5      | Identified the +5 hand axe of Sequestration {drain, +Blink}
  1408 | D:5      | Killed a black bear
  1409 | D:5      | Reached skill level 5 in Unarmed Combat
  1409 | D:5      | Reached XP level 5. HP: 33/53 MP: 4/4
  1429 | D:5      | Killed a sky beast
  1430 | D:5      | Reached XP level 6. HP: 33/62 MP: 5/5
  1452 | D:5      | Reached skill level 6 in Unarmed Combat
  1669 | D:5      | Reached XP level 7. HP: 70/70 MP: 6/6
  1736 | D:5      | Reached skill level 7 in Unarmed Combat
  1769 | D:5      | Identified the +1 chain mail of Hubris {Slay+2}
  1998 | D:4      | Found a glowing golden altar of the Shining One.
  2113 | D:3      | Found a faded altar of an unknown god.
  2393 | D:3      | Reached skill level 8 in Unarmed Combat
  2637 | D:3      | Noticed Natasha
  2645 | D:3      | Killed Natasha
  2646 | D:3      | Reached skill level 5 in Fighting
  2724 | D:3      | Noticed Natasha
  2729 | D:3      | Killed Natasha
  2873 | D:3      | Reached XP level 8. HP: 40/80 MP: 7/7
  3048 | D:4      | Found the amulet of Vitality {Regen+ HP+15}
  3068 | D:4      | Found a staircase to the Ecumenical Temple.
  3079 | Temple   | Entered the Ecumenical Temple
  3279 | Temple   | Became a worshipper of Warmaster Okawaru
  3279 | Temple   | Reached * piety under Okawaru
  3279 | Temple   | Reached ** piety under Okawaru
  4122 | D:5      | Reached skill level 9 in Unarmed Combat
  4122 | D:5      | Reached skill level 1 in Invocations
  4506 | D:6      | Noticed Edmund
  4519 | D:6      | Killed Edmund
  4910 | D:6      | Reached XP level 9. HP: 77/87 MP: 9/9
  5049 | D:7      | Noticed Menkaure
  5100 | D:6      | Killed Menkaure
  5100 | D:6      | Reached *** piety under Okawaru
  5106 | D:6      | Reached skill level 10 in Unarmed Combat
  5825 | D:5      | Killed Manslay's ghost
  5826 | D:5      | Reached skill level 11 in Unarmed Combat
  5950 | D:8      | Noticed a gargoyle
  5955 | D:8      | Killed a gargoyle
  5955 | D:8      | Reached **** piety under Okawaru
  6083 | D:8      | Reached XP level 10. HP: 102/102 MP: 11/11
  6349 | D:8      | Reached skill level 12 in Unarmed Combat
  7228 | D:9      | Found a staircase to the Lair.
  7324 | D:9      | Reached ***** piety under Okawaru
  7388 | D:10     | Entered Level 10 of the Dungeon
  7461 | D:10     | Noticed a two-headed ogre
  7467 | D:10     | Killed a two-headed ogre
  7468 | D:10     | Reached skill level 1 in Armour
  7486 | D:10     | Noticed a gargoyle
  7492 | D:10     | Killed a gargoyle
  7493 | D:10     | Reached skill level 13 in Unarmed Combat
  7619 | D:10     | Received a gift from Okawaru
  7715 | D:10     | Noticed a soul eater
  7726 | D:10     | Reached XP level 11. HP: 79/110 MP: 12/12
  8096 | Lair:1   | Entered Level 1 of the Lair of Beasts
  8196 | Lair:1   | Noticed a four-headed hydra
  8207 | Lair:1   | Killed an eight-headed hydra
  8249 | Lair:1   | You fall into a shaft and drop 1 floor!
  8379 | Lair:2   | Noticed a five-headed hydra
  8954 | Lair:2   | HP: 2/128 [naga (22)]
  8955 | Lair:2   | Succumbed to a naga's poison

Illustrated notes

Levels and vault maps discovered:
D:1:      lemuel_arrival_hallway, layout_loops_cross, minmay_surrounded
D:2:      layout_loops_ring
D:3:      layout_basic, portal_sewer_entry_a, ebering_ecumenical_altar_webs,
          uniq_natasha
D:4:      layout_cave_pods, mainiacjoe_overflow_chevrons,
          minmay_temple_entry_glass
D:5:      layout_cave_pods, biasface_ghost_orc_armoury, serial_park,
          serial_park_avenue1, serial_park_fountain, serial_park_tiny_2,
          serial_park_square3 [serial_park_minivault_5x5_2]
D:6:      layout_basic, uniq_edmund
D:7:      layout_cave_pools, uniq_menkaure
D:8:      layout_loops_cross
D:9:      layout_loops_ring, david_lair_shrubbed
D:10:     layout_basic, minmay_diced_spiral
Temple:   minmay_crystal_snake_temple
Lair:1:   layout_misc_corridors, small_statue_intersection
Lair:2:   layout_roguey, minmay_snake_entry_guardpost_medium,
          infiniplex_staircase_pool_2

Skill      XL: |  1  2  3  4  5  6  7  8  9 10 11 |
---------------+----------------------------------+-----
Unarmed Combat | 4 5 6 8 9 11 13 | 13.7
Fighting       | 3 4 5 6 7 8 |  8.8
Invocations    | 2 3 |  3.7
Armour         | 2 3 |  3.3
Dodging        | |  2.4
Stealth        | |  1.0

Action                   |  1- 3 |  4- 6 |  7- 9 | 10-12 || total
-------------------------+-------+-------+-------+-------++-------
Melee: Unarmed           |   103 |    53 |   393 |   194 ||   743
       Punch             |       |     2 |    16 |    15 ||    33
Invok: Heroism           |       |       |     6 |     4 ||    10
       Finesse           |       |       |       |     1 ||     1
  Use: Scroll            |     1 |       |    12 |     1 ||    14
 Stab: Sleeping          |     2 |       |     3 |       ||     5
Armor: Robe              |    40 |    24 |   105 |    12 ||   181
       Acid dragon scale |       |       |       |    50 ||    50
Dodge: Dodged            |    54 |    20 |   227 |    92 ||   393
